 Dungeon Crawl Stone Soup version 0.18-a0-1808-g3e993bd (webtiles) character file.

11333 aurelian the Slinger (level 11, 0/99 HPs)
             Began as a Ghoul Hunter on Apr 26, 2016.
             Was a High Priest of Okawaru.
             Slain by a catoblepas (29 damage)
             ... on level 3 of the Lair of Beasts.
             The game lasted 00:47:10 (11969 turns).

aurelian the Slinger (Ghoul Hunter)                Turns: 11969, Time: 00:47:11

Health: 0/99       AC: 12    Str: 17    XL:     11   Next: 76%
Magic:  9/10       EV: 26    Int: 11    God:    Okawaru [*****.]
Gold:   772        SH:  5    Dex: 22    Spells: 0 memorised, 10 levels left

rFire  . . .     SeeInvis +       - Unarmed
rCold  + . .     Gourm    .     M - +0 scale mail
rNeg   + + +     Faith    .     (no shield)
rPois  ∞         Spirit   .     I - +1 hat {SInv}
rElec  .         Dismiss  .     L - +1 cloak
rCorr  .         Reflect  +     v - +1 pair of gloves
SustAt .         Harm     .     (no boots)
MR     .....                    B - +5 amulet of reflection
Stlth  +++.......               K - +5 ring of dexterity
                                n - ring of flight

@: brilliant, agile, heroism, rotting, not resistant to hostile enchantments,
fairly stealthy
A: rotting body, claws 1, carnivore 3, cold resistance 1, negative energy
resistance 3, slow regeneration 1, torment resistance, unbreathing
a: Heroism, Finesse, Renounce Religion, Evoke Flight


You were on level 3 of the Lair of Beasts.
You worshipped Okawaru.
Okawaru was extremely pleased with you.
You were not hungry.

You visited 3 branches of the dungeon, and saw 12 of its levels.

You collected 772 gold pieces.

Inventory:

Hand Weapons
 a - a +2 hunting sling
 b - a +0 short sword
 s - a +0 blowgun
 H - the +4 mace "Lengoph" {freeze, rN+ Str+3}
   (You found it on level 6 of the Dungeon)

   It has been specially enchanted to freeze those struck by it, causing extra
   injury to most foes and up to half again as much damage against particularly
   susceptible opponents.
   It can also slow down cold-blooded creatures.
   It affects your strength (+3).
   It protects you from negative energy.
Missiles
 g - 188 stones (quivered)
 h - 3 throwing nets
 t - 30 poisoned needles
 x - 58 sling bullets
Armour
 l - a +0 chain mail
 v - a +1 pair of gloves (worn)
 I - a +1 hat of see invisible (worn)
 L - a +1 cloak (worn)
 M - a +0 scale mail (worn)
Jewellery
 d - an uncursed ring of ice
 m - an uncursed amulet of faith
 n - a ring of flight (left hand)
 B - a +5 amulet of reflection (around neck)
 K - a +5 ring of dexterity (right hand)
 N - an uncursed ring of fire
 P - an uncursed ring of magical power
Wands
 o - a wand of flame (33/48)
 y - a wand of teleportation (4/9)
Scrolls
 c - a scroll of amnesia
 e - 7 scrolls of remove curse
 p - 12 scrolls of identify
 u - 2 scrolls of enchant weapon
 w - a scroll of magic mapping
 G - 3 scrolls of recharging
Potions
 k - 2 potions of cure mutation
 q - 3 potions of lignification {unknown}
 r - 2 potions of cancellation
 A - a potion of agility
 F - 2 potions of flight
 J - 3 potions of curing
 O - a potion of haste {unknown}
Comestibles
 f - 5 meat rations
 E - a slice of pizza


   Skills:
 + Level 9.9(14.9) Fighting
 + Level 11.8(16.8) Slings
 + Level 8.5(13.5) Dodging
 - Level 1.1(6.1) Stealth
 * Level 5.0(10.0) Unarmed Combat
 - Level 1.3 Invocations


You had 10 spell levels left.
You didn't know any spells.

Dungeon Overview and Level Annotations

Branches:
Dungeon (8/15)             Temple (1/1) D:6            Lair (3/8) D:8
  Swamp: Lair:3-6    Shoals: Lair:3-6     Snake: Lair:3-6    Spider: Lair:3-6

Altars:
Ashenzari
Cheibriados
Dithmenos
Elyvilon
Fedhas
Gozag
Kikubaaqudgha
Makhleb
Nemelex Xobeh
Okawaru
Pakellas
Qazlal
Ru
Sif Muna
Trog
Vehumet
Xom
Zin
The Shining One


Innate Abilities, Weirdness & Mutations

Your body is rotting away.
You thrive on raw meat.
You are immune to poison.
You have sharp fingernails.
You are carnivorous and can eat meat at any time.
Your flesh is cold resistant.
You are immune to negative energy.
You regenerate slowly when monsters are visible.
You are immune to unholy pain and torment.
You can survive without breathing.


Message History

You feel better.
The catoblepas breathes a plume of calcifying dust at you.
The blast of calcifying dust hits you!
You hit the catoblepas.
The catoblepas is moderately wounded.
You are engulfed in calcifying dust.
The catoblepas breathes a plume of calcifying dust at you.
The blast of calcifying dust hits you!
You hit the catoblepas.
The catoblepas is moderately wounded.
The catoblepas gores you but does no damage.
You hit the catoblepas but do no damage.
The catoblepas is moderately wounded.
You punch the catoblepas! You punch the catoblepas.
The catoblepas is heavily wounded.
The catoblepas breathes a plume of calcifying dust at you.
The blast of calcifying dust hits you!
* * * LOW HITPOINT WARNING * * *
The catoblepas gores you!!
You die...

...#.#....#P..... ##
##.....##..... ##
##....## ###.
##.###......###..+#
......§............
.......§<..........
....................
..§§§§§§Y...........
.......@(......P...
.......(((..##+PP##
...........#.#..####
#.....P..(.........##.
.#.#.P#.(((##.........
......#(...........#
......##...##......#
..... #...##......#
.## .##
#.....##.#####...#


You could see a catoblepas.

Vanquished Creatures
  Gastronok (Lair:2)
  Harold (Lair:1)
  3 black mambas
  An elephant (D:7)
  3 spiny frogs
  2 komodo dragons (Lair:2)
  6 blink frogs
  Sigmund (D:4)
  A spriggan (D:7)
  A yak (D:8)
  4 hippogriffs
  2 water moccasins
  A porcupine (Lair:2)
  An ice beast (D:7)
  2 orc warriors
  2 black bears
  9 wolves
  3 ogres
  4 crocodiles
  2 centaurs
  2 giant frogs
  A wyvern zombie (D:4)
  A water moccasin skeleton (D:8)
  A scorpion (D:5)
  5 wights (D:7)
  2 electric eels (D:8)
  3 crimson imps (D:8)
  3 hounds
  A giant frog zombie (D:5)
  7 orc priests
  11 orc wizards
  2 giant frog skeletons (D:5)
  Ijyb (D:2)
  4 worker ants
  5 iguanas
  A howler monkey skeleton (D:7)
  A howler monkey zombie (D:4)
  9 gnolls
  12 adders
  21 river rats
  3 shadow imps
  A worm (D:2)
  2 dart slugs
  5 giant geckos
  45 orcs
  8 goblins
  6 hobgoblins
  4 jackals (D:5)
  4 quokkas
  2 ball pythons
  8 bats
  8 giant newts
  6 kobolds
  2 quokka skeletons (D:7)
  10 rats
  A plant (Lair:2)
258 creatures vanquished.

Vanquished Creatures (others)
  2 centaurs
  A fungus (Lair:1)
3 creatures vanquished.

Grand Total: 261 creatures vanquished

Notes
Turn   | Place    | Note
--------------------------------------------------------------
     0 | D:1      | aurelian the Ghoul Hunter began the quest for the Orb.
     0 | D:1      | Reached XP level 1. HP: 17/17 MP: 0/0
    69 | D:1      | Reached skill level 4 in Slings
    69 | D:1      | Reached XP level 2. HP: 24/24 MP: 1/1
   384 | D:1      | Reached XP level 3. HP: 29/29 MP: 2/2
   708 | D:1      | Found a snail-covered altar of Cheibriados.
  1181 | D:2      | Found a sparkling altar of Nemelex Xobeh.
  1183 | D:2      | Found a burning altar of Makhleb.
  1246 | D:2      | Reached skill level 5 in Slings
  1246 | D:2      | Reached XP level 4. HP: 18/36 MP: 3/3
  1581 | D:3      | Noticed Ijyb
  1599 | D:2      | Killed Ijyb
  1737 | D:3      | Found an ancient bone altar of Kikubaaqudgha.
  1781 | D:3      | Reached XP level 5. HP: 41/41 MP: 4/4
  1971 | D:3      | Reached skill level 6 in Slings
  2036 | D:3      | Reached XP level 6. HP: 48/48 MP: 5/5
  2310 | D:4      | Noticed Sigmund
  2328 | D:4      | Killed Sigmund
  2328 | D:4      | Reached skill level 7 in Slings
  2750 | D:4      | Reached XP level 7. HP: 44/55 MP: 6/6
  3301 | D:4      | Reached skill level 8 in Slings
  3581 | D:5      | Entered Level 5 of the Dungeon
  4014 | D:5      | Reached XP level 8. HP: 59/61 MP: 7/7
  4021 | D:5      | Reached skill level 9 in Slings
  4266 | D:5      | Found a sacrificial altar of Ru.
  4737 | D:6      | Got an ichor-stained mace
  4738 | D:6      | Identified the +4 mace "Lengoph" {freeze, rN+ Str+3} (You found it on level 6 of the Dungeon)
  4841 | D:6      | Found a staircase to the Ecumenical Temple.
  4856 | Temple   | Entered the Ecumenical Temple
  4939 | Temple   | Became a worshipper of Warmaster Okawaru
  5356 | D:7      | Found a blossoming altar of Fedhas.
  5473 | D:7      | Reached XP level 9. HP: 51/72 MP: 8/8
  5624 | D:7      | Reached skill level 5 in Fighting
  6188 | D:7      | Reached * piety under Okawaru
  6188 | D:7      | Reached skill level 10 in Slings
  6521 | D:7      | Reached skill level 5 in Dodging
  8129 | D:8      | Found a glowing golden altar of the Shining One.
  8217 | D:8      | Found a staircase to the Lair.
  8217 | D:8      | Noticed an elephant
  8448 | D:7      | Killed an elephant
  8448 | D:7      | Reached ** piety under Okawaru
  8448 | D:7      | Reached XP level 10. HP: 37/84 MP: 9/9
  8846 | Lair:1   | Entered Level 1 of the Lair of Beasts
  8990 | Lair:1   | Reached *** piety under Okawaru
  9057 | Lair:1   | Noticed Harold
  9124 | Lair:1   | Killed Harold
  9124 | Lair:1   | Reached **** piety under Okawaru
  9124 | Lair:1   | Reached skill level 11 in Slings
  9470 | Lair:1   | Noticed a black mamba
  9486 | Lair:1   | Killed a black mamba
  9486 | Lair:1   | Reached skill level 1 in Unarmed Combat
  9694 | Lair:1   | Received a gift from Okawaru
  9754 | Lair:1   | Noticed a spiny frog
  9769 | Lair:1   | Killed a spiny frog
 10238 | Lair:1   | Reached XP level 11. HP: 95/95 MP: 7/10
 10457 | Lair:2   | Received a gift from Okawaru
 11009 | Lair:2   | Noticed Gastronok
 11069 | Lair:1   | Reached skill level 1 in Invocations
 11147 | Lair:2   | Killed Gastronok
 11147 | Lair:2   | Reached ***** piety under Okawaru
 11147 | Lair:2   | Received a gift from Okawaru
 11344 | Lair:2   | Received a gift from Okawaru
 11622 | Lair:2   | Reached skill level 5 in Unarmed Combat
 11890 | Lair:3   | Noticed a catoblepas
 11969 | Lair:3   | Slain by a catoblepas

Vault maps used:
D:1:      dpeg_arrival_refuge, cheibriados_altar_1
D:2:      gammafunk_temple_overflow_pools, first_bread
D:3:      lemuel_crystal_altar, uniq_iyjb
D:4:      uniq_sigmund
D:5:      nicolae_ru_great_annihilating_truth
D:6:      minmay_temple_entry_poolview
D:7:      the_bakery, fedhas_altar_1
D:8:      nicolae_tso_carved_into_rock, david_lair_generic,
          kennysheep_crisscross, water_boxes_lemuel
Temple:   minmay_temple_curvy_14
Lair:1:   patterned_corridor, infiniplex_staircase_pool, uniq_harold
Lair:2:   minivault_25, grunt_forest_large_clearings, uniq_gastronok

Skill      XL: |  1  2  3  4  5  6  7  8  9 10 11 |
---------------+----------------------------------+-----
Slings         | 4 5 6 7 8 9 10 11 | 11.8
Dodging        | 3 6 7 8 |  8.5
Fighting       | 4 6 8 9 |  9.9
Unarmed Combat | 2 5 |  5.0
Invocations    | 1 |  1.3
Stealth        | |  1.1

Action                   |  1- 3 |  4- 6 |  7- 9 | 10-12 || total
-------------------------+-------+-------+-------+-------++-------
Melee: Hunting sling     |       |       |     1 |       ||     1
       Mace              |       |       |       |    13 ||    13
       Unarmed           |       |       |       |    48 ||    48
       Punch             |       |       |       |     4 ||     4
 Fire: Hunting sling     |   100 |   197 |   670 |   461 ||  1428
       Blowgun           |       |       |     9 |    82 ||    91
Throw: Stone             |       |       |       |    12 ||    12
Invok: Heroism           |       |       |       |    10 ||    10
Evoke: Wand              |       |       |     5 |       ||     5
  Use: Scroll            |       |     5 |    15 |     1 ||    21
       Potion            |       |       |     2 |    11 ||    13
  Eat: Chunk             |     1 |     8 |    59 |    52 ||   120
       Beef jerky        |       |       |     1 |       ||     1
Armor: Leather armour    |     1 |       |       |       ||     1
       Ring mail         |     5 |    32 |    23 |       ||    60
       Scale mail        |       |       |    45 |    69 ||   114
Dodge: Dodged            |    31 |    51 |   135 |   163 ||   380
Block: Other             |       |       |    51 |    58 ||   109
       Reflection        |       |       |     4 |       ||     4
